 Dungeon Crawl Stone Soup version 0.22-a0-441-gcf5b0c64b7 (webtiles) character file.

42 Ordine the Slasher (level 3, -2/23 HPs)
             Began as a Tengu Fighter on May 30, 2018.
             Slain by a gnoll
             ... wielding a +0 spear
              (6 damage)
             ... on level 2 of the Dungeon.
             The game lasted 00:02:14 (1580 turns).

Ordine the Slasher (Tengu Fighter)                  Turns: 1580, Time: 00:02:14

Health: -2/23      AC:  6    Str: 16    XL:     3   Next: 54%
Magic:  4/4        EV:  7    Int:  8    God:
Gold:   30         SH: 10    Dex: 14    Spells: 2/2 levels left

rFire    . . .     SeeInvis .   a - +0 long sword
rCold    . . .     Gourm    .   c - +1 shield
rNeg     . . .     Faith    .   b - +0 scale mail
rPois    .         Spirit   .   (helmet restricted)
rElec    .         Reflect  .   (no cloak)
rCorr    .         Harm     .   (no gloves)
MR       .....                  (boots unavailable)
Stlth    ..........             (no amulet)
HPRegen  0.07/turn              (no ring)
MPRegen  0.09/turn              (no ring)

@: very slightly contaminated
A: beak, talons 3
a: no special abilities


You were on level 2 of the Dungeon.
You were not hungry.

You visited 1 branch of the dungeon, and saw 2 of its levels.

You collected 30 gold pieces.

Inventory:

Hand Weapons
 a - a +0 long sword (weapon)
Armour
 b - a +0 scale mail (worn)
 c - a +1 shield (worn)
Scrolls
 e - a scroll of amnesia
Potions
 d - a potion of might
 h - a potion of cancellation {unknown}
 j - a potion of heal wounds
Comestibles
 f - 7 rations


   Skills:
 - Level 3.0 Fighting
 * Level 3.7 Long Blades
 - Level 3.2 Armour
 + Level 3.5 Shields


You had 2 spell levels left.
You didn't know any spells.
Your spell library was empty.

Dungeon Overview and Level Annotations

Branches:
Dungeon (2/15)

Altars:


Innate Abilities, Weirdness & Mutations

You have a beak for a mouth.
You have claws for feet.


Message History

The gnoll barely misses you. You block the gnoll's attack.
Your shield and scale mail prevent you from hitting the gnoll.
You claw the gnoll.
The gnoll is moderately wounded.
The gnoll barely misses you. The gnoll hits you with a spear.
You block the gnoll's attack.
The gnoll hits you from afar with a spear.
You hit the gnoll. Your peck misses the gnoll.
The gnoll is severely wounded.
You block the gnoll's attack. x2
You hit the gnoll but do no damage. You claw the gnoll.
The gnoll is severely wounded.
The gnoll hits you but does no damage. You block the gnoll's attack.
You hit the gnoll. Your peck misses the gnoll.
The gnoll is almost dead.
The gnoll hits you with a spear.
The gnoll hits you from afar with a spear.
* * * LOW HITPOINT WARNING * * *
The gnoll hits you from afar with a spear.
You die...

#.# #....#....
#.# ........#
#.# ##.#.g.#
#.# #.#....#.#
#.# #........#
#.# ######.###
#.# #...# #.#
#####g### #.#
#..@..#
#.#######.#####
#.......#.#
#######.#.#
#...# #####


You could see a gnoll.

Vanquished Creatures
  An adder (D:2)
  A worm (D:2)
  A dart slug (D:1)
  A giant cockroach (D:1)
  A goblin (D:1)
  4 hobgoblins (D:1)
  3 jackals (D:1)
  4 kobolds (D:1)
  5 bats (D:1)
  A frilled lizard (D:1)
  6 rats (D:1)
28 creatures vanquished.

Notes
Turn   | Place    | Note
-------+----------+-------------------------------------------
     0 | D:1      | Ordine the Tengu Fighter began the quest for the Orb.
     0 | D:1      | Reached XP level 1. HP: 14/14 MP: 2/2
    87 | D:1      | Reached XP level 2. HP: 15/19 MP: 3/3
   524 | D:1      | Reached XP level 3. HP: 23/23 MP: 4/4
  1580 | D:2      | Slain by a gnoll

Vault maps used:
D:1:      saegor_arrival_simple_e

Skill      XL: |  1  2 |
---------------+-------+-----
Long Blades    | 3 |  3.7
Fighting       | |  3.0
Armour         | |  3.2
Shields        | |  3.5

Action                   || total
-------------------------++-------
Melee: Long sword        ||    60
       Kick              ||    12
       Peck              ||     5
  Use: Scroll            ||     7
  Eat: Chunk             ||     2
Armor: Scale mail        ||    26
Dodge: Dodged            ||    13
Block: Shield            ||    34
       Rpst.: Long sword ||     5

Table legend:
 A = Spawn XP
 B = Non-spawn XP
 C = Spawn XP percentage of total XP
 D = Spawn monster count
 E = Non-spawn monster count
 F = Spawn count percentage of total count
 G = Total turns spent on level
                    A         B        C        D         E        F      G
               +---------+---------+-------+---------+---------+-------+---------
         Total |       0 |      60 |   0.0 |       0 |      28 |   0.0 |  1580
               +---------+---------+-------+---------+---------+-------+---------
           D:1 |       0 |      42 |   0.0 |       0 |      26 |   0.0 |  1168
           D:2 |       0 |      18 |   0.0 |       0 |       2 |   0.0 |   412
               +---------+---------+-------+---------+---------+-------+---------
